 Dungeon Crawl Stone Soup version 0.29.1-15-g9cfb28693d (webtiles) character file.

Game seed: 7605453783037134487

649 Cheops the Spear-Bearer (level 7, -1/50 HPs)
             Began as a Merfolk Gladiator on Mar 30, 2023.
             Slain by a lemure (5 damage)
             ... led by Pikel
             ... on level 3 of the Dungeon.
             The game lasted 00:15:45 (4967 turns).

Cheops the Spear-Bearer (Merfolk Gladiator)         Turns: 4967, Time: 00:15:45

Health: -1/50      AC: 14    Str: 16    XL:     7   Next: 53%
Magic:  7/7        EV:  8    Int:  8    God:
Gold:   247        SH:  0    Dex: 19    Spells: 6/6 levels left

rFire   + . .      SeeInvis .   a - +0 trident
rCold   . . .      Faith    .   (no shield)
rNeg    . . .      Spirit   .   u - +0 chain mail
rPois   .          Reflect  .   c - +0 helmet
rElec   .          Harm     .   x - +1 cloak
rCorr   .          Rampage  .   t - +0 pair of gloves
Will    .....                   p - +0 pair of boots
Stlth   ..........              (no amulet)
HPRegen 0.16/turn               s - ring "Dinkal" {rF+ Dex+4}
MPRegen 0.10/turn               (no ring)

@: mighty, invisible
A: (nimble swimmer 2), mertail
a: no special abilities


You were on level 3 of the Dungeon.
You visited 1 branch of the dungeon, and saw 5 of its levels.

You collected 247 gold pieces.

Inventory:

Hand Weapons
 a - a +0 trident (weapon)
Missiles
 d - 3 throwing nets (quivered)
 e - a javelin
Armour
 c - a +0 helmet (worn)
 l - a +0 kite shield
 p - a +0 pair of boots (worn)
 t - a +0 pair of gloves (worn)
 u - a +0 chain mail (worn)
 x - a +1 cloak (worn)
Jewellery
 s - the ring "Dinkal" (left hand) {rF+ Dex+4}
   (You found it on level 3 of the Dungeon)

   [ring of protection from fire]

   Dex:       It affects your dexterity (+4).
   rF:        It protects you from fire.
 y - a ring of flight
Scrolls
 i - a scroll of torment {unknown}
 m - a scroll of blinking {unknown}
 n - a scroll of fear {unknown}
 o - 2 scrolls of teleportation
 q - a scroll of summoning {unknown}
 v - a scroll of enchant armour
 w - a scroll of vulnerability
Potions
 f - a potion of haste
 h - 8 potions of curing
 j - 2 potions of cancellation
 k - 2 potions of might
 r - a potion of invisibility


   Skills:
 - Level 2.1 Fighting
 + Level 10.3 Polearms
 - Level 2.0 Throwing
 - Level 2.2 Armour
 - Level 4.0 Dodging


You had 6 spell levels left.
You didn't know any spells.
Your spell library contained the following spells:

 Spells                   Type           Power      Damage    Failure   Level
 Portal Projectile        Hex/Tloc       0%         N/A       100%        3
 Tukima's Dance           Hex            0%         N/A       100%        3
 Blade Hands              Tmut           0%         N/A       100%        5


Dungeon Overview and Level Annotations

Branches:
Dungeon (5/15)
 Temple: D:4-7

Altars:
Fedhas
Ru
Xom

Annotations:
D:3 Pikel


Innate Abilities, Weirdness & Mutations

((You are very nimble when in or above water. (Stealth+, EV+, Speed+++)))
Your lower body shifts to a powerful aquatic tail in water.


Message History

The lemure hits you but does no damage.
You barely miss the lemure.
The lemure is heavily wounded.
The lemure hits you but does no damage.
You hit the lemure.
The lemure is heavily wounded.
The lemure hits you.
You hit the lemure.
The lemure is severely wounded.
You hit the lemure. You punch the lemure, but do no damage.
The lemure is almost dead.
The lemure hits you but does no damage.
You puncture the lemure!
You kill the lemure!
That felt strangely unrewarding.
There is a stone staircase leading down here.
Unknown command.
You climb downwards.
Level annotation: Pikel Pikel zaps a wand.
Your mind is blasted!
The lemure closely misses you.
A lemure comes into view.
The lemure closely misses you.
There is a stone staircase leading up here.
The lemure shouts!
Pikel zaps a wand.
Your mind is blasted!
* * * LOW HITPOINT WARNING * * *
The lemure barely misses you.
You climb upwards.
There is a stone staircase leading down here.
You fade into invisibility!
You feel very mighty all of a sudden. The lemure hits you but does no damage.
Pikel hits you with a +2 whip of freezing!
* * * LOW HITPOINT WARNING * * *
Pikel freezes you.
* * * LOW HITPOINT WARNING * * *
You puncture Pikel!
Pikel is heavily wounded.
The lemure hits you.
You die...

#.##.....##.##
#........#
)..##...##...####
##########
....##'##.....'.#
...##.†.##...##.#
#.##.....##.##..##
#'#.......#'##...#
#.##.....##..#...#
...##...##......5#
....##'##..###.K@#
...##.....## #...#
#.##..##### #####
#'#..## #...##
#####


You could see Pikel (unable to see you) and a lemure (unable to see you).

Vanquished Creatures
  A lemure (D:3)
  A centaur (D:5)
  A necrophage (D:5)
  A scorpion (D:5)
  A howler monkey (D:4)
  3 jellies
  2 hounds (D:5)
  An iguana (D:4)
  2 orc wizards (D:5)
  Robin (D:2)
  6 adders
  An ufetubus (D:4)
  2 worms
  2 dart slugs
  7 orcs
  8 endoplasms
  2 giant cockroaches
  17 goblins
  7 hobgoblins
  4 jackals (D:4)
  A quokka (D:1)
  10 ball pythons
  5 bats
  10 frilled lizards
  9 kobolds
  6 rats
111 creatures vanquished.

Notes
Turn   | Place    | Note
-------+----------+-------------------------------------------
     0 | D:1      | Cheops the Merfolk Gladiator began the quest for the Orb.
     0 | D:1      | Reached XP level 1. HP: 16/16 MP: 1/1
   360 | D:1      | Reached XP level 2. HP: 22/22 MP: 2/2
   397 | D:1      | Found a faded altar of an unknown god.
   445 | D:1      | Reached skill level 5 in Polearms
   840 | D:2      | Found a shimmering altar of Xom.
   915 | D:2      | Reached XP level 3. HP: 23/27 MP: 3/3
  1192 | D:2      | Reached skill level 6 in Polearms
  1401 | D:2      | Noticed Robin
  1414 | D:2      | Killed Robin
  1415 | D:2      | Reached XP level 4. HP: 12/33 MP: 4/4
  2367 | D:3      | Reached skill level 7 in Polearms
  2387 | D:3      | Reached XP level 5. HP: 37/38 MP: 5/5
  2838 | D:3      | Identified the ring "Dinkal" {rF+ Dex+4}
  2915 | D:3      | Reached skill level 8 in Polearms
  3235 | D:4      | Found a sacrificial altar of Ru.
  3353 | D:4      | You fall into a shaft and drop 1 floor!
  3353 | D:5      | Entered Level 5 of the Dungeon
  3368 | D:5      | Reached skill level 1 in Armour
  3501 | D:5      | Reached XP level 6. HP: 40/44 MP: 6/6
  3733 | D:5      | Found a blossoming altar of Fedhas.
  3780 | D:5      | Reached skill level 9 in Polearms
  3780 | D:5      | Reached XP level 7. HP: 37/50 MP: 7/7
  4081 | D:4      | Reached skill level 10 in Polearms
  4713 | D:4      | Noticed Pikel
  4967 | D:3      | Slain by a lemure

Illustrated notes

Levels and vault maps discovered:
D:1:      dpeg_arrival_rooms_a, layout_loops_ring,
          nicolae_ecumenical_snake_handling
D:2:      layout_basic, serial_forest, infiniplex_forest_lined_room_2,
          infiniplex_forest_3_way, infiniplex_forest_end_3,
          infiniplex_forest_lined_3_way, infiniplex_forest_zigzag_1,
          infiniplex_forest_end_1, basic_altar, uniq_robin
D:3:      layout_rooms, chequers_mini_garden, nicolae_hexahallways, st_stairs_10
D:4:      layout_basic, lemuel_coloured_pillars_altar, nicolae_ru_awakened_eye,
          serial_park_tiny_1, nrook_uturn, st_stairs_12, uniq_pikel
D:5:      layout_rooms, kennysheep_mini_moat

Skill      XL: |  1  2  3  4  5  6  7 |
---------------+----------------------+-----
Polearms       | 5 6 7 8 9 10 | 10.3
Armour         | 1 2 |  2.2
Fighting       | |  2.1
Throwing       | |  2.0
Dodging        | |  4.0

Action                   |  1- 3 |  4- 6 |  7- 9 || total
-------------------------+-------+-------+-------++-------
Melee: Trident           |   132 |   181 |   103 ||   416
       Punch             |     1 |     3 |     2 ||     6
       Tailslap          |       |     2 |       ||     2
  Use: Potion            |     1 |       |     2 ||     3
       Scroll            |       |     4 |     3 ||     7
 Stab: Distracted        |     1 |       |       ||     1
       Sleeping          |       |     1 |       ||     1
Armor: Leather armour    |    43 |    11 |       ||    54
       Chain mail        |       |    50 |    43 ||    93
Dodge: Dodged            |    84 |    68 |    24 ||   176
